 Dungeon Crawl Stone Soup version 0.30.1-3-gfc49f6343a (webtiles) character file.

Game seed: 3665531885790673105

628 Anriel the Ducker (level 7, -2/36 HPs)
             Began as a Deep Elf Hedge Wizard on July 18, 2023.
             Was an Initiate of Ashenzari.
             Shot with an arrow by a centaur (7 damage)
             ... on level 5 of the Dungeon.
             The game lasted 00:33:25 (5182 turns).

Anriel the Ducker (Deep Elf Hedge Wizard)           Turns: 5182, Time: 00:33:26

Health: -2/36      AC:  5    Str:  7    XL:     7   Next: 23%
Magic:  15/15      EV: 14    Int: 21    God:    Ashenzari [......]
Gold:   269        SH:  0    Dex: 14    Spells: 8/14 levels left

rFire   . . .        j - +3 dagger (freeze)
rCold   + . .        (no shield)
rNeg    . . .        h - +0 robe
rPois   .            c - +0 hat
rElec   .            (no cloak)
rCorr   .            (no gloves)
SInv    .            i - +2 pair of boots
Will    .....        (no amulet)
Stlth   ++           p - ring of protection from cold
HPRegen 0.26/turn    (no ring)
MPRegen 0.14/turn

%: no passive effects
@: hasted, very quick
A: no striking features
a: Renounce Religion


You were on level 5 of the Dungeon.
You worshipped Ashenzari.
Ashenzari was noncommittal.
You visited 2 branches of the dungeon, and saw 6 of its levels.

You collected 269 gold pieces.

Inventory:

Hand Weapons
 j - a +3 dagger of freezing (weapon)
Armour
 c - a +0 hat (worn)
 h - a +0 robe (worn)
 i - a +2 pair of boots (worn)
Magical Staves
 a - a staff of conjuration
Jewellery
 p - a ring of protection from cold (left hand)
Wands
 d - a wand of charming (5)
 l - a wand of flame (13)
Scrolls
 e - 3 scrolls of identify {unknown}
 k - a scroll of vulnerability {unknown}
 o - a scroll of enchant armour
Potions
 b - a potion of haste
 n - a potion of invisibility {unknown}


   Skills:
 - Level 3.1 Short Blades
 + Level 5.1 Dodging
 - Level 3.0 Stealth
 - Level 4.4 Spellcasting
 * Level 3.4 Conjurations
 - Level 3.3 Hexes
 - Level 3.0 Summonings
 - Level 3.0 Translocations
 + Level 0.8 Evocations


You had 8 spell levels left.
You knew the following spells:

 Your Spells              Type           Power      Damage    Failure   Level
a - Magic Dart            Conj           72%        1d6       2%          1
b - Slow                  Hex            72%        N/A       3%          1
c - Blink                 Tloc           34%        N/A       4%          2
d - Call Imp              Summ           34%        N/A       4%          2

Your spell library contained the following spells:

 Spells                   Type           Power      Damage    Failure   Level
 Sting                    Tmut/Pois      16%        1d3       12%         1
 Cigotuvi's Dreadful Rot  Necr/Pois/Air  8%         N/A       17%         2
 Poisonous Vapours        Pois/Air       8%         N/A       17%         2
 Mephitic Cloud           Conj/Pois/Air  9%         N/A       22%         3
 Dispel Undead            Necr           4%         3d7       75%         4
 Olgreb's Toxic Radiance  Pois           4%         N/A       75%         4
 Death Channel            Necr           2%         N/A       100%        6


Dungeon Overview and Level Annotations

Branches:
Dungeon (5/15)             Temple (1/1) D:4

Altars:
Ashenzari
Cheibriados
Fedhas
Gozag
Hepliaklqana
Kikubaaqudgha
Nemelex Xobeh
Okawaru
Sif Muna
Trog
Uskayaw
Vehumet
Wu Jian
Xom
Yredelemnul

Annotations:
D:4 2 transporters, Duvessa; Peloso's ghost, amateur MiFi
D:5 2 transporters, Blork the orc; Peloso's ghost, novice MiFi


Message History

The centaur wields a +0 shortbow.
The centaur shoots an arrow.
The arrow barely misses your cerulean imp.
The arrow hits you!
* * * LOW HITPOINT WARNING * * *
Your cerulean imp hits the centaur but does no damage.
The centaur shoots an arrow.
The arrow closely misses your cerulean imp.
The arrow misses you.
Your cerulean imp barely misses the centaur.
The centaur shoots an arrow.
The arrow barely misses your cerulean imp.
The arrow hits you!
* * * LOW HITPOINT WARNING * * *
Casting: Magic Dart (safe; 2% risk of failure)
Confirm with . or Enter, or press ? or * to list all spells.
You can't see any susceptible monsters within range! (Use Z to cast anyway.) Unknown command.
Casting: Magic Dart (safe; 2% risk of failure)
Confirm with . or Enter, or press ? or * to list all spells.
You blink.
Your cerulean imp barely misses the centaur.
The centaur shoots an arrow.
The arrow completely misses your cerulean imp.
The arrow closely misses you.
It was a potion of haste.
You feel yourself speed up.
The centaur shoots an arrow.
The arrow barely misses your cerulean imp.
The arrow barely misses you.
Your cerulean imp hits the centaur but does no damage.
The centaur shoots an arrow.
The arrow hits your cerulean imp!
Your cerulean imp dies!
Your cerulean imp disappears in a puff of smoke!
The centaur shoots an arrow.
The arrow closely misses you.
The centaur shoots an arrow.
The arrow closely misses you.
You feel stable enough to blink again.
As you read the scroll of fog, it crumbles to dust.
The scroll dissolves into smoke.
The killer bee buzzes angrily. x3; You hear an angry buzzing noise. x2
The centaur shoots an arrow.
The arrow hits you!
You die...

#.##yy#..###.!#..##.##....
##.###...# .#...###.#..### ##...#
###.W#..### #....## #.[.###
#.#...#.).###.###
######...##y.#..###..#!.##.######
gg...'...# #...#...#..y###.......
######....# ###yyy!$#####...#####
#.....#############..#.# ....
#..........@©.§§§......# ....
#........###.##§§§§#§### ....
#####....# #...§§§§§§..# ....
.......# ####.c§§###.### ....
.......# #§#### #...# ....
....... #+# ###.## .### #######
#.c## ##..# ##.#


You could see a centaur and 3 killer bees.

Vanquished Creatures
  Edmund (D:4)
  A phantom (D:5)
  Dowan (D:4)
  A jelly (D:5)
  An iguana (D:4)
  3 orc wizards (D:3)
  3 gnolls (D:3)
  6 adders
  A white imp (D:4)
  A worm (D:3)
  3 dart slugs
  16 orcs
  4 bats
  4 endoplasms
  3 giant cockroaches
  6 goblins
  6 hobgoblins
  2 jackals (D:1)
  4 quokkas
  6 ball pythons
  3 frilled lizards
  9 kobolds
  7 rats
92 creatures vanquished.

Vanquished Creatures (collateral kills)
  2 orc priests (D:3)
  A gnoll (D:3)
  A rat (D:3)
4 creatures vanquished.

Grand Total: 96 creatures vanquished

Notes
Turn   | Place    | Note
-------+----------+-------------------------------------------
     0 | D:1      | Anriel the Deep Elf Hedge Wizard began the quest for the
                  | Orb.
     0 | D:1      | Reached XP level 1. HP: 10/10 MP: 7/7
   168 | D:1      | Reached XP level 2. HP: 15/15 MP: 0/9
   250 | D:1      | Learned a level 1 spell: Slow
   253 | D:1      | Learned a level 2 spell: Blink
   256 | D:1      | Learned a level 2 spell: Call Imp
  1028 | D:1      | Reached skill level 3 in Dodging
  1220 | D:2      | Found an iron altar of Okawaru.
  1229 | D:2      | Reached XP level 3. HP: 19/19 MP: 6/10
  1824 | D:2      | Found a faded altar of an unknown god.
  2051 | D:3      | Reached skill level 1 in Short Blades
  2081 | D:3      | Reached skill level 1 in Hexes
  2081 | D:3      | Reached XP level 4. HP: 24/24 MP: 1/12
  2323 | D:3      | Reached XP level 5. HP: 28/28 MP: 10/13
  2738 | D:3      | Reached skill level 4 in Dodging
  3035 | D:3      | Reached XP level 6. HP: 25/32 MP: 5/14
  3384 | D:4      | Noticed Edmund
  3463 | D:4      | Found a transporter.
  3464 | D:4      | Found a transporter.
  3464 | D:4      | Noticed Peloso's ghost (amateur MiFi)
  3484 | D:4      | Found a staircase to the Ecumenical Temple.
  3555 | D:4      | Found a sparkling altar of Nemelex Xobeh.
  3584 | Temple   | Entered the Ecumenical Temple
  3622 | Temple   | Became a worshipper of Ashenzari the Shackled
  4450 | D:4      | Killed Edmund
  4480 | D:4      | Noticed Duvessa
  4502 | D:4      | Noticed Dowan
  4525 | D:4      | Killed Dowan
  4526 | D:4      | Reached XP level 7. HP: 20/36 MP: 4/15
  4831 | D:5      | Entered Level 5 of the Dungeon
  4868 | D:5      | Found a transporter.
  4872 | D:5      | Found a transporter.
  4873 | D:5      | Noticed Peloso's ghost (novice MiFi)
  4881 | D:5      | Noticed a hornet
  4900 | D:5      | Reached skill level 5 in Dodging
  5081 | D:5      | Noticed Blork the orc
  5182 | D:5      | Shot with an arrow by a centaur

Illustrated notes

Levels and vault maps discovered:
D:1:      tarquinn_simple_flora_water_f, layout_basic, serial_aquarium,
          aquarium_bridge_long_separate [aquarium_subvault_bridge,
          aquarium_subvault_bridge, aquarium_subvault_bridge,
          aquarium_subvault_bridge, aquarium_subvault_window,
          aquarium_subvault_bridge], aquarium_bridge_square
          [aquarium_subvault_bridge, aquarium_subvault_wall,
          aquarium_subvault_bridge, aquarium_subvault_bridge],
          aquarium_window_1, aquarium_window_3, aquarium_window_fake,
          aquarium_view_2c, aquarium_pool_four
D:2:      layout_loops_ring, basic_altar,
          dreamdust_ecumenical_altar_hidden_monk_grotto
D:3:      layout_basic, grunt_ministairs_11, minmay_misc_feat_rows
D:4:      layout_basic, mainiacjoe_overflow_paths, minmay_temple_entry_tees,
          gammafunk_ghost_smash, uniq_edmund, uniq_duvessa
D:5:      layout_basic, gammafunk_ghost_hive, minivault_24,
          nicolae_shop_fire_sale [nicolae_sub_dead_trees], uniq_blork_the_orc
Temple:   nicolae_temple_ecumenical_triangle

Skill      XL: |  1  2  3  4  5  6  7 |
---------------+----------------------+-----
Conjurations   | 2 3 |  3.4
Stealth        | 3 |  3.0
Dodging        | 3 4 5 |  5.1
Short Blades   | 1 2 3 |  3.1
Hexes          | 1 2 3 |  3.3
Summonings     | 2 3 |  3.0
Translocations | 2 3 |  3.0
Spellcasting   | |  4.4
Evocations     | |  0.8

Action                     |  1- 3 |  4- 6 |  7- 9 || total
---------------------------+-------+-------+-------++-------
  Melee: Dagger            |    27 |    54 |     5 ||    86
   Cast: Magic Dart        |    82 |   113 |    22 ||   217
         Call Imp          |     1 |     9 |     2 ||    12
         Blink             |       |     4 |     1 ||     5
         Slow              |       |    24 |     5 ||    29
  Evoke: Wand              |       |    10 |       ||    10
    Use: Scroll            |     8 |     2 |     4 ||    14
         Potion            |       |     3 |     2 ||     5
   Stab: Sleeping          |     7 |     5 |       ||    12
         Distracted        |       |     2 |       ||     2
 Armour: Robe              |     7 |     9 |     4 ||    20
  Dodge: Dodged            |    17 |    38 |    21 ||    76
